 Dungeon Crawl Stone Soup version 0.22-a0-284-g99d1f74 (webtiles) character file.

2057 Gorglomux the Covered (level 9, 0/72 HPs)
             Began as a Barachi Fighter on Mar 22, 2018.
             Was a Believer of Makhleb.
             Slain by a killer bee (2 damage)
             ... on level 8 of the Dungeon.
             The game lasted 00:06:35 (7466 turns).

Gorglomux the Covered (Barachi Fighter)             Turns: 7466, Time: 00:06:36

Health: 0/72       AC:  9    Str: 27    XL:     9   Next: 25%
Magic:  12/12      EV:  6    Int:  8    God:    Makhleb [**....]
Gold:   240        SH: 16    Dex: 11    Spells: 8/8 levels left

rFire    + . .     SeeInvis .   a - +0 war axe
rCold    + . .     Gourm    .   V - +0 large shield (curse)
rNeg     . . .     Faith    .   b - +0 scale mail
rPois    +         Spirit   .   (no helmet)
rElec    +         Reflect  .   P - +0 cloak
rCorr    +         Harm     .   (no gloves)
MR       .....                  (no boots)
Stlth    ..........             (no amulet)
HPRegen  0.22/turn              g - ring of resist corrosion
MPRegen  0.13/turn              (no ring)

@: mighty, lethally poisoned (0 -> -2), resistant, can't hop, flying, drained,
slow
A: +LOS, swims, slowness 1, strong legs 1
a: Hop, Minor Destruction, Renounce Religion


You were on level 8 of the Dungeon.
You worshipped Makhleb.
Makhleb was pleased with you.
You were hungry.

You visited 1 branch of the dungeon, and saw 8 of its levels.

You collected 240 gold pieces.

Inventory:

Hand Weapons
 a - a +0 war axe (weapon)
Missiles
 Z - a throwing net (quivered)
Armour
 b - a +0 scale mail (worn)
 P - a +0 cloak (worn)
 V - a cursed +0 large shield (worn)
Jewellery
 g - a ring of resist corrosion (left hand)
Wands
 S - a wand of scattershot (6)
Scrolls
 h - a scroll of amnesia
 j - 4 scrolls of remove curse
 m - a scroll of blinking {unknown}
 r - 2 scrolls of fog {unknown}
 s - a scroll of magic mapping {unknown}
 Q - a scroll of noise {unknown}
 R - 6 scrolls of identify
 T - 7 scrolls of teleportation
 U - 2 scrolls of enchant weapon {unknown}
 X - a scroll of enchant armour {unknown}
Potions
 d - a potion of might
 l - a potion of brilliance
 q - 2 potions of magic
 O - a potion of flight
 W - a potion of cancellation
 Y - a potion of resistance
Comestibles
 f - 18 rations


   Skills:
 + Level 7.3(6.6) Fighting
 + Level 6.2(5.5) Axes
 + Level 7.4(6.7) Armour
 + Level 6.8(6.0) Shields
 - Level 4.3(3.6) Invocations


You had 8 spell levels left.
You didn't know any spells.

Dungeon Overview and Level Annotations

Branches:
Dungeon (8/15)             Temple (0/1) D:7
   Lair: D:8-11

Altars:
Ashenzari
Cheibriados
Elyvilon
Kikubaaqudgha
Makhleb
Okawaru
Ru
Wu Jian
Xom


Innate Abilities, Weirdness & Mutations

Shadows flee at your approach. (+LOS)
You can swim through water.
You cover ground slowly.
You can hop short distances.


Message History

* * * don't die
* * * The killer bee barely misses you!
The killer bee stings you but does no damage!
Butt block the killer bee's attack!
You block the killer bee's attack!
The killer bee stings you! * * * don't die
* * * You are poisoned!
The killer bee poisons you!!! The butt butt barely misses you!
The killer bee stings you but does no damage!
You closely miss the killer bee!
Your shield and scale mail butt butt from hitting the killer bee!
You miss the killer bee! You closely miss the killer bee!
You feel sick! You block the killer bee's attack!
The killer bee barely misses you!
The killer bee stings you but does no damage!
You block the killer bee's attack!
The butt bee stings you! * * * don't die
* * * The killer bee stings you! * * * don't die
* * * You block the killer bee's attack!
The killer bee stings you! rip

...#.###....# ###..
............# ....#
##.#.####.#.#.....#
##.#.#....#.#.....#
..####
...................
#.#...
##.#........#.....
#.#... #....#...# ...
#.#... #....#†yy# .
#.#... #....#y@y# #.#...
#....#...##########.#...
#.#.................#.##
#.#####..#..............
# .....###.########.#.
#####.# #.#.....<..# ...
#.#.#.###..# ##. #.#
#..# .##.# #..#


You could see 4 killer bees.

Vanquished Creatures
  4 sky beasts
  An ice beast (D:7)
  2 ogres
  A centaur (D:6)
  2 bullfrogs
  2 killer bees (D:8)
  5 wights
  4 crimson imps
  A hound (D:5)
  A quasit (D:6)
  A bullfrog skeleton (D:6)
  4 orc priests
  5 orc wizards
  A centaur skeleton (D:6)
  A jelly (D:6)
  An iguana (D:7)
  3 worker ants
  A howler monkey skeleton (D:5)
  9 adders
  6 gnolls
  2 oozes
  An adder zombie (D:5)
  4 worms
  4 leopard geckos
  22 orcs
  6 giant cockroaches
  5 goblins
  5 hobgoblins
  5 jackals
  4 quokkas
  9 bats
  4 frilled lizards
  A giant cockroach zombie (D:6)
  6 kobolds
  A quokka zombie (D:6)
  8 rats
  2 plants (D:3)
144 creatures vanquished.

Notes
Turn   | Place    | Note
-------+----------+-------------------------------------------
     0 | D:1      | Gorglomux the Barachi Fighter began the quest for the Orb.
     0 | D:1      | Reached XP level 1. HP: 18/18 MP: 1/1
    73 | D:1      | Reached XP level 2. HP: 24/25 MP: 2/2
   691 | D:2      | Reached XP level 3. HP: 30/30 MP: 3/3
   731 | D:2      | HP: 1/30 [poisoned by an adder]
  1044 | D:2      | Found a shattered altar of Ashenzari.
  1163 | D:2      | Found a burning altar of Makhleb.
  1253 | D:2      | Reached skill level 3 in Axes
  1253 | D:2      | Reached XP level 4. HP: 13/38 MP: 4/4
  1274 | D:2      | Became a worshipper of Makhleb the Destroyer
  1692 | D:3      | Reached XP level 5. HP: 32/43 MP: 5/5
  2446 | D:3      | Reached XP level 6. HP: 24/50 MP: 6/6
  2687 | D:3      | Found a shimmering altar of Xom.
  2870 | D:3      | Reached * piety under Makhleb
  3117 | D:3      | Found a faded altar of an unknown god.
  3918 | D:4      | You fall through a shaft!
  3918 | D:5      | Entered Level 5 of the Dungeon
  3926 | D:5      | Noticed a sky beast
  3937 | D:5      | Killed a sky beast
  3937 | D:5      | Reached XP level 7. HP: 43/56 MP: 7/7
  4437 | D:5      | Reached skill level 6 in Armour
  4451 | D:5      | Found a snail-covered altar of Cheibriados.
  4600 | D:6      | Reached skill level 6 in Fighting
  5067 | D:6      | Reached XP level 8. HP: 52/64 MP: 8/8
  5074 | D:6      | Found an iron altar of Okawaru.
  5446 | D:6      | Reached skill level 6 in Shields
  5463 | D:6      | Reached ** piety under Makhleb
  5641 | D:6      | Found a sacrificial altar of Ru.
  5651 | D:6      | Found a white marble altar of Elyvilon.
  5834 | D:6      | Found an ornate altar of the Wu Jian Council.
  6064 | D:7      | Reached skill level 1 in Invocations
  6250 | D:7      | Found a staircase to the Ecumenical Temple.
  6361 | D:7      | Found an ancient bone altar of Kikubaaqudgha.
  6442 | D:7      | Reached skill level 3 in Invocations
  6833 | D:7      | Reached XP level 9. HP: 21/71 MP: 10/12
  7306 | D:7      | Reached skill level 6 in Axes
  7466 | D:8      | HP: 2/72 [killer bee (4)]
  7466 | D:8      | Slain by a killer bee

Vault maps used:
D:1:      lemuel_arrival_broad_hall
D:2:      ashenzari_altar_1, old_standard_altar
D:3:      wad_woods_settlement, chequers_ecumenical_altar_lobes, led_xom_imps
D:4:      nicolae_tso_swordbearing_angel
D:5:      old_standard_altar, first_ration
D:6:      lemuel_doored_altar, kennysheep_little_box,
          amethyst_overflow_temple_binary
D:7:      kennysheep_mini_moat, minmay_temple_entry_grid, grunt_ogre_cave
D:8:      nzn_random_ring

Skill      XL: |  1  2  3  4  5  6  7  8  9 |
---------------+----------------------------+-----
Armour         | 4 5 6 7 |  7.4
Fighting       | 4 5 6 7 |  7.3
Axes           | 3 4 5 6 |  6.2
Shields        | 4 5 6 |  6.8
Invocations    | 4 |  4.3

Action                   |  1- 3 |  4- 6 |  7- 9 || total
-------------------------+-------+-------+-------++-------
Melee: War axe           |   133 |   238 |   283 ||   654
Invok: Minor Destruction |       |       |    25 ||    25
 Abil: Hop               |       |       |     5 ||     5
  Use: Potion            |     1 |     3 |     5 ||     9
       Scroll            |       |     5 |       ||     5
  Eat: Chunk             |     2 |    10 |    12 ||    24
Armor: Scale mail        |    82 |    92 |   165 ||   339
       Skin              |       |       |     2 ||     2
Dodge: Dodged            |    43 |    45 |    95 ||   183
Block: Shield            |    92 |    89 |   126 ||   307
       Large shield      |       |       |   101 ||   101

Table legend:
 A = Spawn XP
 B = Non-spawn XP
 C = Spawn XP percentage of total XP
 D = Spawn monster count
 E = Non-spawn monster count
 F = Spawn count percentage of total count
 G = Total turns spent on level
                    A         B        C        D         E        F      G
               +---------+---------+-------+---------+---------+-------+---------
         Total |       0 |    2939 |   0.0 |       0 |     142 |   0.0 |  7466
               +---------+---------+-------+---------+---------+-------+---------
           D:1 |       0 |      27 |   0.0 |       0 |      19 |   0.0 |   546
           D:2 |       0 |      74 |   0.0 |       0 |      13 |   0.0 |   876
           D:3 |       0 |     377 |   0.0 |       0 |      41 |   0.0 |  1955
           D:4 |       0 |      90 |   0.0 |       0 |       8 |   0.0 |   541
           D:5 |       0 |     369 |   0.0 |       0 |      17 |   0.0 |   659
           D:6 |       0 |     826 |   0.0 |       0 |      24 |   0.0 |  1367
           D:7 |       0 |     793 |   0.0 |       0 |      16 |   0.0 |  1463
           D:8 |       0 |     383 |   0.0 |       0 |       4 |   0.0 |    59
               +---------+---------+-------+---------+---------+-------+---------
